 Dungeon Crawl Stone Soup version 0.20-a0-493-g19c8d8d (webtiles) character file.

22 AlphabetPasta the Grave Robber (level 2, 0/20 HPs)
             Began as a Minotaur Necromancer on Jan 16, 2017.
             Succumbed to an adder's poison
             ... on level 2 of the Dungeon.
             The game lasted 00:03:40 (514 turns).

AlphabetPasta the Grave Robber (MiNe)                Turns: 514, Time: 00:03:41

Health: 0/20       AC:  2    Str: 12    XL:     2   Next: 68%
Magic:  3/3        EV: 12    Int: 12    God:
Gold:   49         SH:  0    Dex: 10    Spells: 3/4 levels left

rFire    . . .     SeeInvis .   e - +0 hand axe
rCold    . . .     Gourm    .   a - +0 robe
rNeg     . . .     Faith    .   (no shield)
rPois    .         Spirit   .   (helmet restricted)
rElec    .         Reflect  .   (no cloak)
rCorr    .         Harm     .   (no gloves)
MR       .....                  (no boots)
Stlth    ++........             (no amulet)
Regen    0.1/turn               (no ring)
                                (no ring)

@: lethally poisoned (0 -> -2)
A: retaliatory headbutt, horns 2
a: no special abilities


You were on level 2 of the Dungeon.
You were not hungry.

You visited 1 branch of the dungeon, and saw 2 of its levels.

You collected 49 gold pieces.

Inventory:

Hand Weapons
 e - a +0 hand axe (weapon)
Armour
 a - a +0 robe (worn)
Jewellery
 m - an uncursed amulet of harm
Potions
 l - a potion of brilliance
Books
 b - a book of Necromancy

   Spells                             Type                      Level
   a - Pain                           Necromancy                   1
   b - Animate Skeleton               Necromancy                   1
   c - Vampiric Draining              Necromancy                   3
   d - Regeneration                   Charms/Necromancy            3
   e - Animate Dead                   Necromancy                   4
   f - Control Undead                 Necromancy                   4
Comestibles
 c - 2 bread rations
 h - a meat ration


   Skills:
 + Level 1.0 Axes
 - Level 2.1 Dodging
 - Level 1.5 Stealth
 + Level 1.6 Spellcasting
 * Level 3.3 Necromancy


You had 3 spell levels left.
You knew the following spells:

 Your Spells              Type           Power        Failure   Level  Hunger
a - Pain                  Necr           #...         10%         1    ##.....


Dungeon Overview and Level Annotations

Branches:
Dungeon (2/15)

Altars:


Innate Abilities, Weirdness & Mutations

You reflexively headbutt those who attack you in melee.
You have a pair of horns on your head.


Message History

* * * LOW HITPOINT WARNING * * *
You hit the kobold.
You kill the kobold!
Okay, then.
There is a lethal amount of poison in your body!
As you read the scroll labeled LYET URECS, it crumbles to dust.
You feel blessed for a moment.
It was a scroll of remove curse.
* * * LOW HITPOINT WARNING * * *
You feel sick.
Unknown command.
As you read the scroll labeled XYMNUM VEYC, it crumbles to dust.
You feel aware of your surroundings.
You sensed 1 altar.
It was a scroll of magic mapping.
As you read the scroll labeled EPRIT RAREDUUME, it crumbles to dust.
It is a scroll of amnesia.
Forget which spell ([?*] list [ESC] exit)?
Your memory of Animate Skeleton unravels.
* * * LOW HITPOINT WARNING * * *
You feel sick.
You die...

****,* *#+#* *,,,>,,,**
*,,,,* #.# *****,***
*,**** #.# *,* *,* ##.##
*,* *,* ##.).## *,* *,*
#.....# *,* *,*
##...######****,*
*,*#######(.......,,,,,*
*,,.......@.######******
***.#####)..# *,,*,#...##
*,*,#.#..# **,#.#.#.#
*,#$.$#..#
******#.#,#,..#*****
**,,,**.#,*,*...,,,,*
*,***,,,,,,*,,,,,,,,*****


There were no monsters in sight!

Vanquished Creatures
  An adder (D:2)
  A giant cockroach (D:1)
  3 goblins
  3 hobgoblins (D:1)
  3 kobolds
  A frilled lizard (D:1)
  A rat (D:1)
13 creatures vanquished.

Notes
Turn   | Place    | Note
-------+----------+-------------------------------------------
     0 | D:1      | AlphabetPasta the Minotaur Necromancer began the quest for the Orb.
     0 | D:1      | Reached XP level 1. HP: 14/14 MP: 1/1
    31 | D:1      | Reached skill level 3 in Necromancy
    42 | D:1      | Learned a level 1 spell: Animate Skeleton
   180 | D:1      | Reached XP level 2. HP: 16/20 MP: 3/3
   496 | D:2      | Reached skill level 1 in Axes
   506 | D:2      | HP: 1/20 [poisoned by an adder]
   514 | D:2      | Succumbed to an adder's poison

Vault maps used:
D:1:      nicolae_arrival_washed_ashore
D:2:      lemuel_zombie_altar_yredelemnul, minmay_tiny_reverse_x, uniq_robin

Skill      XL: |  1  2 |
---------------+-------+-----
Necromancy     | 3 |  3.3
Axes           | 1 |  1.0
Dodging        | |  2.1
Stealth        | |  1.5
Spellcasting   | |  1.6

Action                   || total
-------------------------++-------
Melee: Hand axe          ||    22
       Headbutt          ||     2
  Use: Scroll            ||     6
 Stab: Sleeping          ||     1
Armor: Robe              ||     3
Dodge: Dodged            ||     7
